 Dungeon Crawl Stone Soup version 0.22-a0-392-g5dc3fd9 (webtiles) character file.

26 DrEnzyme the Vexing (level 2, 0/20 HPs)
             Began as a Draconian Wanderer on Apr 30, 2018.
             Slain by an adder (3 damage)
             ... on level 2 of the Dungeon.
             The game lasted 00:05:21 (1492 turns).

DrEnzyme the Vexing (Draconian Wanderer)            Turns: 1492, Time: 00:05:23

Health: 0/20       AC:  4    Str: 16    XL:     2   Next: 89%
Magic:  4/4        EV: 11    Int: 11    God:
Gold:   40         SH:  0    Dex:  9    Spells: 4/4 levels left

rFire    . . .     SeeInvis .   a - +0 club
rCold    . . .     Gourm    .   (no shield)
rNeg     . . .     Faith    .   (armour unavailable)
rPois    .         Spirit   .   (helmet restricted)
rElec    .         Reflect  .   (no cloak)
rCorr    .         Harm     .   (no gloves)
MR       .....                  (no boots)
Stlth    ++........             (no amulet)
HPRegen  0.06/turn              (no ring)
MPRegen  0.09/turn              (no ring)

@: lethally poisoned (0 -> -6)
A: unfitting armour, cold-blooded, AC +4
a: no special abilities


You were on level 2 of the Dungeon.
You were not hungry.

You visited 1 branch of the dungeon, and saw 2 of its levels.

You collected 40 gold pieces.

Inventory:

Hand Weapons
 a - a +0 club (weapon)
 b - a +0 hunting sling
 k - a cursed -2 dagger
Missiles
 i - 69 stones (quivered)
Armour
 l - a +0 pair of boots
Scrolls
 e - a scroll of fear {unknown}
 g - a scroll of amnesia {unknown}
 j - a scroll of remove curse {unknown}
Potions
 c - a potion of curing
 d - a potion of berserk rage {unknown}
 h - a potion of lignification {unknown}
Comestibles
 f - 5 rations


   Skills:
 + Level 0.2 Fighting
 + Level 0.2 Maces & Flails
 + Level 0.5 Slings
 + Level 0.3 Dodging
 + Level 1.8 Stealth
 + Level 1.7 Spellcasting
   Level 2.6 Hexes
   Level 2.0 Necromancy
   Level 2.0 Earth Magic
   Level 1.0 Evocations


You had 4 spell levels left.
You didn't know any spells.

Dungeon Overview and Level Annotations

Branches:
Dungeon (2/15)

Altars:


Innate Abilities, Weirdness & Mutations

Your plain brown scales are hard. (AC +4)
You cannot fit into any form of body armour.
You are cold-blooded and may be slowed by cold attacks.


Message History

The adder is moderately wounded.
The adder barely misses you. The kobold hits you. The adder bites you.
You hit the adder.
The adder is severely wounded.
The adder bites you.
You are lethally poisoned!
The adder poisons you! The kobold closely misses you.
You miss the adder.
Your tail-slap misses the adder.
The adder is severely wounded.
* * * LOW HITPOINT WARNING * * *
You feel sick. The adder bites you but does no damage.
The kobold barely misses you. The adder barely misses you.
You hit the adder.
The adder is almost dead.
* * * LOW HITPOINT WARNING * * *
You feel sick. The kobold hits you but does no damage.
The adder barely misses you. The kobold hits you.
* * * LOW HITPOINT WARNING * * *
The adder bites you.
You die...

.. (. ... ...# ....
.#.# ...(####.#.# .$.
.....(...# #..
#.......##..
#.######.#KS.....#
.####.....##...@..#
....#.....###.....#
#........###....###
#......###......#
#........#....#....#
#.....##..)...####...
###.######.#### #
#######..# #..#
#........# ##...


You could see an adder and a kobold.

Vanquished Creatures
  An ooze (D:1)
  A dart slug (D:1)
  3 goblins (D:1)
  5 hobgoblins
  A kobold (D:1)
  3 bats
  2 frilled lizards
  3 rats (D:1)
19 creatures vanquished.

Notes
Turn   | Place    | Note
-------+----------+-------------------------------------------
     0 | D:1      | DrEnzyme the Draconian Wanderer began the quest for the Orb.
     0 | D:1      | DrEnzyme set off with: a potion of curing, a +0 club, a ration
     0 | D:1      | Reached XP level 1. HP: 14/14 MP: 2/2
   217 | D:1      | Reached XP level 2. HP: 11/20 MP: 2/4
  1492 | D:2      | Slain by an adder

Vault maps used:
D:1:      lightli_molten_gateway, minmay_tromino_mix6
D:2:      grunt_temple_overflow_order_and_chaos_2, minitemple,
          marbit_many_paths, kennysheep_pointless_box,
          hangedman_abyss_or_decor_lesser_grid, uniq_terence, uniq_sigmund

Action                   || total
-------------------------++-------
Melee: Club              ||    61
       Tailslap          ||     6
 Fire: Hunting sling     ||    16
Throw: Tomahawk          ||    14
  Eat: Ration            ||     1
Armor: Skin              ||    15
Dodge: Dodged            ||    49

Table legend:
 A = Spawn XP
 B = Non-spawn XP
 C = Spawn XP percentage of total XP
 D = Spawn monster count
 E = Non-spawn monster count
 F = Spawn count percentage of total count
 G = Total turns spent on level
                    A         B        C        D         E        F      G
               +---------+---------+-------+---------+---------+-------+---------
         Total |       0 |      38 |   0.0 |       0 |      19 |   0.0 |  1492
               +---------+---------+-------+---------+---------+-------+---------
           D:1 |       0 |      34 |   0.0 |       0 |      16 |   0.0 |  1415
           D:2 |       0 |       4 |   0.0 |       0 |       3 |   0.0 |    77
               +---------+---------+-------+---------+---------+-------+---------
